 Dungeon Crawl Stone Soup version 0.30-a0-222-ge547ba4400 (webtiles) character file.

Game seed: 590215553032475936

114 qw the Chopper (level 4, 0/28 HPs)
             Began as a Gargoyle Fighter on Oct 8, 2022.
             Slain by a bullfrog (2 damage)
             ... in a sewer.
             The game lasted 00:01:07 (2101 turns).

qw the Chopper (Gargoyle Fighter)                   Turns: 2101, Time: 00:01:07

Health: 0/28       AC: 15    Str: 22    XL:     4   Next: 98%
Magic:  0/4        EV:  7    Int:  8    God:
Gold:   119        SH:  4    Dex:  9    Spells: 3/3 levels left

rFire   . . .      SeeInvis .    Y - +2 broad axe (vorpal)
rCold   . . .      Faith    .    c - +0 buckler
rNeg    + . .      Spirit   +    l - +0 chain mail
rPois   inf        Reflect  .    h - +0 helmet
rElec   +          Harm     .    (no cloak)
rCorr   .          Rampage  .    (no gloves)
Will    .....                    a - +0 pair of boots
Stlth   ..........               k - amulet of guardian spirit
HPRegen 0.24/turn                (no ring)
MPRegen 0.09/turn                (no ring)

@: very slow
A: sickness immunity, AC +3, negative energy resistance 1, electricity
resistance, torment resistance 1, petrification resistance
a: no special abilities


You were in a sewer.
You visited 1 branch of the dungeon, and saw 3 of its levels.
You also visited: Sewer.

You collected 119 gold pieces.


Innate Abilities, Weirdness & Mutations

You are immune to sickness and miasma.
Your stone body is resilient. (AC +3)
You are immune to poison.
You resist negative energy. (rN+)
You are resistant to electric shocks. (rElec)
You are resistant to unholy torment.
You are immune to petrification.


   Skills:
 - Level 3.2 Fighting
 + Level 4.5 Axes
 - Level 3.2 Armour
 - Level 3.2 Shields


You had 3 spell levels left.
You didn't know any spells.
Your spell library was empty.

Inventory:

Hand Weapons
 e - a +0 flail
 Y - a +2 vorpal broad axe (weapon)
Armour
 a - a +0 pair of boots (worn)
 c - a +0 buckler (worn)
 h - a +0 helmet (worn)
 l - a +0 chain mail (worn)
Jewellery
 k - an amulet of guardian spirit (around neck)
Potions
 b - a potion of degeneration {unknown}
 d - a potion of might
 f - a potion of mutation {unknown}
 g - a potion of curing {unknown}
 i - a potion of lignification {unknown}
 j - a potion of haste {unknown}
 m - a potion of cancellation {unknown}

Dungeon Overview and Level Annotations

Branches:
Dungeon (3/15)              Sewer (1/1)

Altars:
Xom


Message History

The bullfrog hits you. You block the bullfrog's attack.
Your unstable footing causes you to fumble your attack.
The bullfrog releases a deep croak.
The bullfrog hits you but does no damage.
The bullfrog hits you.
Your unstable footing causes you to fumble your attack.
The bullfrog hits you but does no damage. x4
You block the bullfrog's attack.
You barely miss the bullfrog.
The bullfrog is moderately wounded.
You hit the bullfrog. You block the bullfrog's attack.
The bullfrog closely misses you.
The bullfrog hits you but does no damage.
The bullfrog swells and bulges.
The bullfrog misses you.
The bullfrog hits you but does no damage.
You barely miss the bullfrog.
The bullfrog is moderately wounded.
You closely miss the bullfrog. The bullfrog closely misses you.
The bullfrog hits you. The bullfrog barely misses you.
The bullfrog hits you but does no damage.
You barely miss the bullfrog.
The bullfrog is moderately wounded.
You closely miss the bullfrog. You block the bullfrog's attack.
The bullfrog hits you! The bullfrog hits you.
The bullfrog hits you but does no damage.
You closely miss the bullfrog.
The bullfrog is moderately wounded.
You slash the bullfrog! You block the bullfrog's attack.
The bullfrog hits you but does no damage. x2
The bullfrog hits you.
Your unstable footing causes you to fumble your attack.
The bullfrog barely misses you.
The bullfrog hits you but does no damage. x2
The bullfrog hits you.
Your unstable footing causes you to fumble your attack.
The bullfrog hits you.
You die...

#.~~~~~~~~~~~~~~~~~~~~~~~
#.~~~~~~~~~~~~~~~~~~~~~~~
#.~~~~..~~~~~~~~~~...%...
#.~~~.~~~~~~~~~~~~~~~~###
#~~~~.~~~~~~~~~~~~~~~~~~#
#.~~~~~~~~~~...~~~~~~~~~#
#~~~~~~~~~~~~~~~~~~~~~~~~
#~~~~~~~~~~~.~~.?.~~~~~~~
#~~~~~~~@~~...~)![.~~~~~~
#~~~~~~~FF.~~..)?.~~~~~~~
#~~~~~~~~~....~~.~~~~~~~~
#~~~~~#~~~~\~~~~~~~~~~~~#
#~~~~~##~~~~~~~~~~~~~~~##
#.~~~~####~~~~~~ #.~~~~#
###~~~ #.~~~.# ###
#.~~~~#


You could see 2 bullfrogs.

Vanquished Creatures
  3 adders
  A dart slug (D:1)
  6 orcs (D:3)
  3 endoplasms
  9 giant cockroaches
  6 goblins
  4 hobgoblins
  7 quokkas
  10 ball pythons
  6 bats
  8 frilled lizards
  5 kobolds
  6 rats
74 creatures vanquished.

Notes
Turn   | Place    | Note
-------+----------+-------------------------------------------
     0 | D:1      | qw the Gargoyle Fighter began the quest for the Orb.
     0 | D:1      | Reached XP level 1. HP: 14/14 MP: 1/1
     0 | D:1      | 0 ||| qw: Version: 0.2-a-17-g06abaee
     0 | D:1      | 0 ||| qw: Game counter: 2017
     0 | D:1      | 0 ||| qw: Always use a shield: true
     0 | D:1      | 0 ||| qw: God list: Okawaru
     0 | D:1      | 0 ||| qw: Allow faded altars: false
     0 | D:1      | 0 ||| qw: Do Orc after D:15 true
     0 | D:1      | 0 ||| qw: Do second Lair branch before Depths: true
     0 | D:1      | 0 ||| qw: Lair rune preference: random
     0 | D:1      | 0 ||| qw: Plans: Normal, Zot:1-4, God:TSO, Crypt, Tomb,
                  | Pan, Slime:5, Hells, Abyss, Orb
     0 | D:1      | 0 ||| PLANNING D:1-11
   111 | D:1      | Reached skill level 2 in Axes
   131 | D:1      | 131 ||| DROPPING +0 club.
   195 | D:1      | 195 ||| Stepping ~*~*~tactically~*~*~ (stealth).
   198 | D:1      | Reached XP level 2. HP: 19/19 MP: 2/2
   201 | D:1      | 201 ||| Stepping ~*~*~tactically~*~*~ (stealth).
   211 | D:1      | 211 ||| Stepping ~*~*~tactically~*~*~ (stealth).
   561 | D:1      | Reached skill level 3 in Axes
   652 | D:1      | 652 ||| READING scroll labelled YMEMME XI EZOFF.
   653 | D:1      | 653 ||| READING scroll labelled YCUZXYR DEPYSAURPH.
   654 | D:1      | 654 ||| READING scroll labelled JOLUYC YDACO.
   654 | D:1      | Identified a scroll of acquirement
   654 | D:1      | 654 ||| ACQUIRING +2 vorpal broad axe
   654 | D:1      | Acquired a +2 vorpal broad axe
   656 | D:1      | 656 ||| SWAPPING to +2 vorpal broad axe.
   657 | D:1      | 657 ||| DROPPING +1 war axe.
   658 | D:1      | 658 ||| READING scroll labelled XET XORODEMM.
   659 | D:1      | 659 ||| READING scroll labelled ATHUFR PEOTTIN.
   696 | D:2      | 696 ||| STAIRDANCE
   715 | D:2      | Reached XP level 3. HP: 23/23 MP: 3/3
   843 | D:2      | 843 ||| Stepping ~*~*~tactically~*~*~ (stealth).
  1262 | D:2      | Found a faded altar of an unknown god.
  1307 | D:2      | 1307 ||| UPGRADING to +0 pair of boots.
  1312 | D:2      | 1312 ||| UPGRADING to +0 chain mail.
  1322 | D:2      | 1322 ||| DROPPING +0 scale mail.
  1323 | D:2      | 1323 ||| UPGRADING to amulet of guardian spirit.
  1328 | D:2      | 1328 ||| READING scroll labelled FENTEB TOYH.
  1336 | D:3      | 1336 ||| PLANNING SEWER
  1570 | D:3      | Reached XP level 4. HP: 28/28 MP: 4/4
  1572 | D:3      | 1572 ||| Stepping ~*~*~tactically~*~*~ (stealth).
  1578 | D:3      | 1578 ||| Stepping ~*~*~tactically~*~*~ (stealth).
  1581 | D:3      | 1581 ||| Stepping ~*~*~tactically~*~*~ (stealth).
  1589 | D:3      | 1589 ||| DROPPING +0 whip.
  1640 | D:3      | Found a shimmering altar of Xom.
  1778 | D:3      | Reached skill level 4 in Axes
  1784 | D:3      | Found a glowing drain.
  1807 | D:3      | 1807 ||| UPGRADING to +0 helmet.
  1845 | Sewer    | Entered a sewer
  2088 | Sewer    | Noticed a bullfrog
  2092 | Sewer    | Noticed a bullfrog
  2098 | Sewer    | HP: 7/28 [bullfrog (2)]
  2100 | Sewer    | HP: 2/28 [bullfrog (5)]
  2101 | Sewer    | Slain by a bullfrog

Levels and vault maps discovered:
D:1:      lemuel_arrival_hallway, layout_loops_ring
D:2:      layout_loops_cross, basic_ecumenical_altar
D:3:      layout_loops_corners, mainiacjoe_overflow_six_doors_small,
          portal_sewer_entry_f
Sewer:    sewer_frog_island_01

Skill      XL: |  1  2  3  4 |
---------------+-------------+-----
Axes           | 2 3 4 |  4.5
Fighting       | |  3.2
Armour         | |  3.2
Shields        | |  3.2

Action                   |  1- 3 |  4- 6 || total
-------------------------+-------+-------++-------
Melee: War axe           |    53 |       ||    53
       Broad axe         |    58 |   102 ||   160
  Use: Scroll            |     6 |       ||     6
Armor: Scale mail        |    53 |       ||    53
       Chain mail        |     3 |    67 ||    70
Dodge: Dodged            |    47 |    38 ||    85
Block: Buckler           |    19 |    27 ||    46

Table legend:
 A = Non-vault XP
 B = Vault XP
 C = Vault XP percentage of total XP
 D = Non-vault monster count
 E = Vault monster count
 F = Vault count percentage of total count
                 A         B        C        D         E       F
            +---------+---------+-------+---------+---------+-------
      Total |      97 |      67 |  40.9 |      49 |      25 |  33.8
            +---------+---------+-------+---------+---------+-------
        D:1 |      31 |       0 |   0.0 |      19 |       0 |   0.0
        D:2 |      35 |       0 |   0.0 |      16 |       0 |   0.0
        D:3 |      31 |      10 |  24.4 |      14 |       5 |  26.3
      Sewer |       0 |      57 | 100.0 |       0 |      20 | 100.0
            +---------+---------+-------+---------+---------+-------
